ESL (28 & UNDER)
INTERCOURSE AMISH @ RIO GRANDE RATTLESNAKE
08/29/2028
 
TOP OF THE 1ST
Intercourse Amish batting - Pitching for Rio Grande Rattlesnake : LHP Eric Fisher
Pitching: LHP Eric Fisher
Batting: LHB Dave Reynolds 0-0: TRIPLE (Flyball, 89XD)
Batting: SHB Ralph Robison 0-0: Ball
1-0: Swinging Strike
1-1: Foul Ball, location: 2F
1-2: Strikes out looking
Batting: RHB Juan Estrada 0-0: Called Strike
0-1: Called Strike
0-2: Fly out, F6 (Popup, 6D)
Batting: RHB Juan Caceres 0-0: Ball
1-0: Called Strike
1-1: Called Strike
1-2: Strikes out swinging
Top of the 1st over - 0 run(s), 1 hit(s), 0 error(s), 1 left on base; Intercourse 0 - Rio Grande 0
BOTTOM OF THE 1ST
Rio Grande Rattlesnake batting - Pitching for Intercourse Amish : LHP Sloan Sanders
Pitching: LHP Sloan Sanders
Batting: RHB Jaime Delgado 0-0: Ball
1-0: Swinging Strike
1-1: Ball
2-1: Ball
3-1: Called Strike
3-2: Base on Balls
Batting: LHB Claudio Rodríguez 0-0: Ball
1-0: Foul Ball, location: 2F
1-1: SINGLE (Flyball, 6MD)
Jaime Delgado to second
Batting: RHB Hollis Wood 0-0: Ball
1-0: DOUBLE (Line Drive, 78XD)
Jaime Delgado scores
Claudio Rodríguez to third
Batting: RHB Iván De Jesús 0-0: Foul Ball, location: 2F
0-1: Ball
1-1: Fly out, F8 (Flyball, 8RXD)
Runner from 3rd tags up, SCORES, no throw
Batting: RHB Joe Courtier 0-0: Swinging Strike
0-1: Foul Ball, location: 2F
0-2: Strikes out swinging
Batting: RHB Jeff Bane 0-0: Ground out 4-3 (Groundball, 4)
Bottom of the 1st over - 2 run(s), 2 hit(s), 0 error(s), 1 left on base; Intercourse 0 - Rio Grande 2
TOP OF THE 2ND
Intercourse Amish batting - Pitching for Rio Grande Rattlesnake : LHP Eric Fisher
Batting: LHB Tony O'Bryan 0-0: Ball
1-0: Ball
2-0: Foul Ball, location: 2F
2-1: Called Strike
2-2: Foul Ball, location: 2F
2-2: SOLO HOME RUN (Flyball, 9LD), Distance : 325 ft
Batting: SHB Conan Hanson 0-0: Called Strike
0-1: Foul Ball, location: 2F
0-2: Ball
1-2: Fly out, F4 (Popup, 4M)
Batting: LHB Bruce Foster 0-0: Called Strike
0-1: Ball
1-1: Ball
2-1: Ground out 3-1 (Groundball, 34)
Batting: RHB Pablo Díaz 0-0: Swinging Strike
0-1: Swinging Strike
0-2: Ball
1-2: Strikes out swinging
Top of the 2nd over - 1 run(s), 1 hit(s), 0 error(s), 0 left on base; Intercourse 1 - Rio Grande 2
BOTTOM OF THE 2ND
Rio Grande Rattlesnake batting - Pitching for Intercourse Amish : LHP Sloan Sanders
Batting: SHB William Daly 0-0: Ball
1-0: Called Strike
1-1: Called Strike
1-2: Strikes out swinging
Batting: RHB David Suarze 0-0: Ball
1-0: Ball
2-0: Ball
3-0: Foul Ball, location: 2F
3-1: Called Strike
3-2: Base on Balls
Batting: SHB Jeremy Holmes 0-0: Ball
1-0: Ball
2-0: Grounds into double play, 6-4-3 (Groundball, 6)
Bottom of the 2nd over - 0 run(s), 0 hit(s), 0 error(s), 0 left on base; Intercourse 1 - Rio Grande 2
TOP OF THE 3RD
Intercourse Amish batting - Pitching for Rio Grande Rattlesnake : LHP Eric Fisher
Batting: LHB Caleb Hall 0-0: Ball
1-0: Ball
2-0: Called Strike
2-1: Swinging Strike
2-2: Fly out, F9 (Line Drive, 89M)
Batting: LHB Dave Reynolds 0-0: Ball
1-0: Called Strike
1-1: Swinging Strike
1-2: Ball
2-2: Ball
3-2: Strikes out looking
Batting: SHB Ralph Robison 0-0: Ball
1-0: Ball
2-0: Called Strike
2-1: Ground out 4-3 (Groundball, 4)
Top of the 3rd over - 0 run(s), 0 hit(s), 0 error(s), 0 left on base; Intercourse 1 - Rio Grande 2
BOTTOM OF THE 3RD
Rio Grande Rattlesnake batting - Pitching for Intercourse Amish : LHP Sloan Sanders
Batting: RHB Jaime Delgado 0-0: Ball
1-0: Ground out 5-3 (Groundball, 5S)
Batting: LHB Claudio Rodríguez 0-0: Ball
1-0: Called Strike
1-1: Foul Ball, location: 2F
1-2: Ball
2-2: Ball
3-2: Foul Ball, location: 2F
3-2: Base on Balls
Batting: RHB Hollis Wood 0-0: DOUBLE (Line Drive, 8LXD)
Claudio Rodríguez to third
Batting: RHB Iván De Jesús 0-0: Ball
1-0: Called Strike
1-1: Ball
2-1: Fly out, F8 (Flyball, 8LD)
Runner from 3rd tags up, SCORES, no throw
Batting: RHB Joe Courtier 0-0: Called Strike
0-1: Swinging Strike
0-2: Ball
1-2: DOUBLE (Line Drive, 9LS)
Hollis Wood scores
Batting: RHB Jeff Bane 0-0: Ball
1-0: Ball
2-0: Ball
3-0: Called Strike
3-1: Base on Balls
Batting: SHB William Daly 0-0: Ball
1-0: Called Strike
1-1: Ball
2-1: Ground out 1-3 (Groundball, P)
Bottom of the 3rd over - 2 run(s), 2 hit(s), 0 error(s), 2 left on base; Intercourse 1 - Rio Grande 4
TOP OF THE 4TH
Intercourse Amish batting - Pitching for Rio Grande Rattlesnake : LHP Eric Fisher
Batting: RHB Juan Estrada 0-0: Called Strike
0-1: Ground out 1-3 (Groundball, 13S)
Batting: RHB Juan Caceres 0-0: Ball
1-0: Ball
2-0: Ball
3-0: Base on Balls
Batting: LHB Tony O'Bryan 0-0: Ball
1-0: Ball
2-0: Called Strike
2-1: Foul Ball, location: 2F
2-2: Ball
3-2: Strikes out swinging
Batting: SHB Conan Hanson 0-0: Ball
Wild Pitch!
Juan Caceres to second
1-0: Called Strike
1-1: Foul Ball, location: 2F
1-2: Foul Ball, location: 2F
1-2: Strikes out swinging
Top of the 4th over - 0 run(s), 0 hit(s), 0 error(s), 1 left on base; Intercourse 1 - Rio Grande 4
BOTTOM OF THE 4TH
Rio Grande Rattlesnake batting - Pitching for Intercourse Amish : LHP Sloan Sanders
Batting: RHB David Suarze 0-0: Ball
1-0: Ground out 4-3 (Groundball, 4M)
Batting: SHB Jeremy Holmes 0-0: Ground out 1-3 (Groundball, 13S)
Batting: RHB Jaime Delgado 0-0: Swinging Strike
0-1: Ball
1-1: Foul Ball, location: 2F
1-2: Foul Ball, location: 2F
1-2: Foul Ball, location: 2F
1-2: Strikes out swinging
Bottom of the 4th over - 0 run(s), 0 hit(s), 0 error(s), 0 left on base; Intercourse 1 - Rio Grande 4
TOP OF THE 5TH
Intercourse Amish batting - Pitching for Rio Grande Rattlesnake : LHP Eric Fisher
Batting: LHB Bruce Foster 0-0: Ball
1-0: Ball
2-0: Swinging Strike
2-1: Foul Ball, location: 2F
2-2: Ground out 6-3 (Groundball, 56D)
Batting: RHB Pablo Díaz 0-0: Ground out 1-3 (Groundball, 13)
Batting: LHB Caleb Hall 0-0: Called Strike
0-1: Swinging Strike
0-2: Foul Ball, location: 2F
0-2: Foul Ball, location: 2F
0-2: Fly out, F3 (Popup, 3L)
Top of the 5th over - 0 run(s), 0 hit(s), 0 error(s), 0 left on base; Intercourse 1 - Rio Grande 4
BOTTOM OF THE 5TH
Rio Grande Rattlesnake batting - Pitching for Intercourse Amish : LHP Sloan Sanders
Batting: LHB Claudio Rodríguez 0-0: Foul Ball, location: 2F
0-1: Ball
1-1: Hit by Pitch
Batting: RHB Hollis Wood 0-0: Ball
1-0: Foul Ball, location: 2F
1-1: Ball
2-1: Ball
3-1: Base on Balls
Claudio Rodríguez to second
Batting: RHB Iván De Jesús 0-0: Ball
1-0: Ball
2-0: Called Strike
2-1: Ball
3-1: SINGLE (Groundball, 56D)
Claudio Rodríguez to third
Hollis Wood to second
Batting: RHB Joe Courtier 0-0: Foul Ball, location: 2F
0-1: Foul Ball, location: 2F
0-2: Foul Ball, location: 2F
0-2: Foul Ball, location: 2F
0-2: Ball
1-2: Foul Ball, location: 2F
1-2: SINGLE (Line Drive, 89M)
Claudio Rodríguez scores
Hollis Wood to third
Iván De Jesús to second
Pitching: RHP Rafael Sánchez
Batting: RHB Jeff Bane 0-0: Called Strike
0-1: Called Strike
0-2: Fielders Choice at 2nd, 5-4 (Groundball, 56)
Hollis Wood scores
Iván De Jesús to third
Batting: SHB William Daly 0-0: Fly out, F8 (Flyball, 8LD)
Runner from 3rd tags up, SCORES, no throw
Batting: RHB David Suarze 0-0: Called Strike
0-1: Ground out 3-1 (Groundball, 23)
Bottom of the 5th over - 3 run(s), 2 hit(s), 0 error(s), 1 left on base; Intercourse 1 - Rio Grande 7
TOP OF THE 6TH
Intercourse Amish batting - Pitching for Rio Grande Rattlesnake : LHP Eric Fisher
Batting: LHB Dave Reynolds 0-0: Called Strike
0-1: Ball
1-1: Fly out, F7 (Flyball, 7LS)
Batting: SHB Ralph Robison 0-0: Swinging Strike
0-1: Swinging Strike
0-2: DOUBLE (Groundball, 3L)
Batting: RHB Juan Estrada 0-0: Ball
1-0: SINGLE (Groundball, 56D)
Ralph Robison to third
Batting: RHB Juan Caceres 0-0: Foul Ball, location: 2F
0-1: Ball
1-1: Swinging Strike
1-2: SINGLE (Groundball, 34D)
Ralph Robison scores
Juan Estrada to second
Runner from 2nd tries for 3rd, SAFE, no throw
Batting: LHB Tony O'Bryan 0-0: Called Strike
0-1: Foul Ball, location: 2F
0-2: Fly out, F6 (Popup, 6MD)
Batting: SHB Conan Hanson 0-0: Fielders Choice at 2nd, 4-6 (Groundball, 4)
Top of the 6th over - 1 run(s), 3 hit(s), 0 error(s), 1 left on base; Intercourse 2 - Rio Grande 7
BOTTOM OF THE 6TH
Rio Grande Rattlesnake batting - Pitching for Intercourse Amish : RHP Rafael Sánchez
Batting: SHB Jeremy Holmes 0-0: Ball
1-0: Ball
2-0: SOLO HOME RUN (Flyball, 78XD), Distance : 390 ft
Batting: RHB Jaime Delgado 0-0: Foul Ball, location: 2F
0-1: Ball
1-1: Foul Ball, location: 2F
1-2: Ball
2-2: Foul Ball, location: 2F
2-2: Foul Ball, location: 2F
2-2: Strikes out swinging
Batting: LHB Claudio Rodríguez 0-0: Called Strike
0-1: Called Strike
0-2: Ball
1-2: Strikes out swinging
Batting: RHB Hollis Wood 0-0: Called Strike
0-1: Ball
1-1: Ball
2-1: Ground out 5-3 (Groundball, 5S)
Bottom of the 6th over - 1 run(s), 1 hit(s), 0 error(s), 0 left on base; Intercourse 2 - Rio Grande 8
TOP OF THE 7TH
Intercourse Amish batting - Pitching for Rio Grande Rattlesnake : LHP Eric Fisher
Batting: LHB Bruce Foster 0-0: DOUBLE (Flyball, 78D)
Batting: RHB Pablo Díaz 0-0: Foul Ball, location: 2F
0-1: Foul Ball, location: 2F
0-2: Ball
1-2: Ground out 6-3 (Groundball, 6S)
Bruce Foster to third
Batting: LHB Caleb Hall 0-0: Called Strike
0-1: Ball
1-1: Ball
2-1: Called Strike
2-2: Strikes out looking
Pitching: RHP Albert Gonzáles
Batting: LHB Dave Reynolds 0-0: Foul Ball, location: 2F
0-1: Called Strike
0-2: Ball
1-2: Ball
2-2: Foul Ball, location: 2F
2-2: Foul Ball, location: 2F
2-2: Fly out, F8 (Flyball, 8RD)
Top of the 7th over - 0 run(s), 1 hit(s), 0 error(s), 1 left on base; Intercourse 2 - Rio Grande 8
BOTTOM OF THE 7TH
Rio Grande Rattlesnake batting - Pitching for Intercourse Amish : RHP Rafael Sánchez
Batting: RHB Iván De Jesús 0-0: Ball
1-0: Ball
2-0: Called Strike
2-1: Foul Ball, location: 2F
2-2: Ball
3-2: Base on Balls
Batting: RHB Joe Courtier 0-0: Called Strike
0-1: Ball
1-1: Ball
2-1: Called Strike
2-2: Ball
3-2: Base on Balls
Iván De Jesús to second
Batting: RHB Jeff Bane 0-0: Ball
1-0: Ball
2-0: Ball
3-0: Called Strike
3-1: Base on Balls
Iván De Jesús to third
Joe Courtier to second
Batting: SHB William Daly 0-0: Ground out 3-1 (Groundball, 34S)
Iván De Jesús scores
Joe Courtier to third
Jeff Bane to second
Batting: RHB David Suarze 0-0: Called Strike
0-1: Ball
1-1: Called Strike
1-2: Fly out, F9 (Flyball, 89M)
Batting: SHB Jeremy Holmes 0-0: Ball
1-0: Ball
2-0: Ball
3-0: Base on Balls
Batting: RHB Jaime Delgado 0-0: Ball
1-0: SINGLE (Groundball, 4D)
Joe Courtier scores
Jeff Bane to third
Jeremy Holmes to second
Runner from 3rd tries for Home, SAFE, no throw
Pitching: RHP Cristián Torres
Batting: LHB Claudio Rodríguez 0-0: Swinging Strike
0-1: Foul Ball, location: 2F
0-2: Ball
1-2: Reached on error, E3 (Groundball, 3)
Jeremy Holmes to third
Jaime Delgado to second
Batting: RHB Hollis Wood 0-0: Ball
1-0: Called Strike
1-1: Ball
2-1: Ball
3-1: Base on Balls
Jeremy Holmes scores
Jaime Delgado to third
Claudio Rodríguez to second
Batting: RHB Iván De Jesús 0-0: Ball
1-0: Ball
2-0: Ball
3-0: Called Strike
3-1: Fly out, F9 (Flyball, 9LM)
Bottom of the 7th over - 4 run(s), 1 hit(s), 1 error(s), 3 left on base; Intercourse 2 - Rio Grande 12
TOP OF THE 8TH
Intercourse Amish batting - Pitching for Rio Grande Rattlesnake : RHP Albert Gonzáles
Now at C: Cristián Román
Batting: SHB Ralph Robison 0-0: Ball
1-0: Ball
2-0: Ball
3-0: Called Strike
3-1: SINGLE (Groundball, 34D)
Batting: RHB Juan Estrada 0-0: Ball
1-0: Foul Ball, location: 2F
1-1: Ball
2-1: Foul Ball, location: 2F
2-2: Grounds into double play, 6-4-3 (Groundball, 56)
Pinch Hitting: RHB Frank Maxwell 0-0: Foul Ball, location: 2F
0-1: Swinging Strike
0-2: Strikes out swinging
Top of the 8th over - 0 run(s), 1 hit(s), 0 error(s), 0 left on base; Intercourse 2 - Rio Grande 12
BOTTOM OF THE 8TH
Rio Grande Rattlesnake batting - Pitching for Intercourse Amish : RHP Cristián Torres
Now at 2B: Frank Maxwell
Batting: RHB Joe Courtier 0-0: Swinging Strike
0-1: Ball
1-1: Foul Ball, location: 2F
1-2: Ball
2-2: Ball
3-2: SINGLE (Line Drive, 89S)
Batting: RHB Jeff Bane 0-0: Ball
Joe Courtier steals 2nd base
1-0: Called Strike
1-1: Foul Ball, location: 2F
1-2: SINGLE (Flyball, 78S)
Joe Courtier to third
Batting: SHB William Daly 0-0: Called Strike
0-1: Hit by Pitch
Jeff Bane to second
Batting: RHB David Suarze 0-0: Called Strike
0-1: Ball
1-1: Ball
2-1: Called Strike
2-2: Ball
3-2: Grounds into double play, 6-4-3 (Groundball, 6)
Joe Courtier scores
Jeff Bane to third
Batting: SHB Jeremy Holmes 0-0: Called Strike
0-1: Swinging Strike
0-2: Ball
1-2: Ground out U3 (Groundball, 34)
Bottom of the 8th over - 1 run(s), 2 hit(s), 0 error(s), 1 left on base; Intercourse 2 - Rio Grande 13
TOP OF THE 9TH
Intercourse Amish batting - Pitching for Rio Grande Rattlesnake : RHP Albert Gonzáles
Now at 3B: Juan López
Pinch Hitting: RHB John Little 0-0: Called Strike
0-1: Ball
1-1: Called Strike
1-2: Foul Ball, location: 2F
1-2: SOLO HOME RUN (Flyball, 7LD), Distance : 342 ft
Batting: SHB Conan Hanson 0-0: Ball
1-0: Ball
2-0: Foul Ball, location: 2F
2-1: SINGLE (Line Drive, 4S) (infield hit)
Batting: LHB Bruce Foster 0-0: DOUBLE (Line Drive, 9D)
Conan Hanson to third
Runner from 3rd tries for Home, SAFE, no throw
Batting: RHB Pablo Díaz 0-0: Ball
1-0: Called Strike
1-1: Swinging Strike
1-2: SINGLE (Line Drive, 7LS)
Bruce Foster to third
Batting: LHB Caleb Hall 0-0: Called Strike
0-1: Ball
1-1: Ball
2-1: Called Strike
2-2: Foul Ball, location: 2F
2-2: Foul Ball, location: 2F
2-2: Strikes out swinging
Batting: LHB Dave Reynolds 0-0: Ball
1-0: Ball
2-0: Ball
3-0: Called Strike
3-1: Foul Ball, location: 2F
3-2: Foul Ball, location: 2F
3-2: Fly out, F7 (Flyball, 7LS)
Batting: SHB Ralph Robison 0-0: Swinging Strike
0-1: Ball
1-1: Foul Ball, location: 2F
1-2: Foul Ball, location: 2F
1-2: Foul Ball, location: 2F
1-2: Foul Ball, location: 2F
1-2: SINGLE (Line Drive, 8LS)
Bruce Foster scores
Pablo Díaz to second
Batting: RHB Juan Estrada 0-0: Called Strike
0-1: SINGLE (Groundball, 6D)
Pablo Díaz to third
Ralph Robison to second
Runner from 3rd tries for Home, SAFE, no throw
Pitching: RHP Jesús Ramírez
Batting: RHB Frank Maxwell 0-0: Ball
1-0: Ball
2-0: Ball
3-0: Called Strike
3-1: Base on Balls
Ralph Robison to third
Juan Estrada to second
Batting: RHB John Little 0-0: Foul Ball, location: 2F
0-1: Foul Ball, location: 2F
0-2: Foul Ball, location: 2F
0-2: Fly out, F7 (Flyball, 7)
Top of the 9th over - 4 run(s), 6 hit(s), 0 error(s), 3 left on base; Intercourse 6 - Rio Grande 13
Tuesday, August 8th, 2017 - OOTP Baseball 17.12 Build 75